 Dungeon Crawl Stone Soup version 0.22-a0-162-g33bf1272b0 (webtiles) character file.

89 Execuda the Skirmisher (level 4, -5/61 HPs)
             Began as a Minotaur Berserker on Feb 12, 2018.
             Was a Believer of Trog.
             Slain by a gnoll
             ... wielding a +0 halberd
              (7 damage)
             ... on level 2 of the Dungeon.
             The game lasted 00:00:33 (1047 turns).

Execuda the Skirmisher (Minotaur Berserker)         Turns: 1047, Time: 00:00:34

Health: -5/61      AC:  2    Str: 28    XL:     4   Next: 31%
Magic:  3/3        EV: 12    Int:  4    God:    Trog [**....]
Gold:   58         SH:  0    Dex:  9    Spells: 3/3 levels left

rFire    . . .     SeeInvis .   a - +0 hand axe
rCold    . . .     Gourm    .   (no shield)
rNeg     . . .     Faith    .   b - +0 animal skin
rPois    .         Spirit   .   (helmet restricted)
rElec    .         Reflect  .   (no cloak)
rCorr    .         Harm     .   (no gloves)
MR       .....                  (no boots)
Stlth    ..........             (no amulet)
HPRegen  0.20/turn              (no ring)
MPRegen  0.08/turn              (no ring)

@: berserking, very quick
A: retaliatory headbutt, horns 2
a: Berserk, Trog's Hand, Burn Spellbooks, Renounce Religion


You were on level 2 of the Dungeon.
You worshipped Trog.
Trog was pleased with you.
You were not hungry.

You visited 1 branch of the dungeon, and saw 2 of its levels.

You collected 58 gold pieces.

Inventory:

Hand Weapons
 a - a +0 hand axe (weapon)
Armour
 b - a +0 animal skin (worn)
Jewellery
 n - an uncursed ring of resist corrosion {unknown}
Scrolls
 d - a scroll of teleportation {unknown}
 e - 2 scrolls of identify {unknown}
 j - a scroll of amnesia {unknown}
 k - a scroll of blinking {unknown}
 l - a scroll of magic mapping {unknown}
Potions
 g - a potion of mutation {unknown}
 h - a potion of flight {unknown}
 i - a potion of heal wounds {unknown}
 m - a potion of degeneration {unknown}
Books
 o - a book of Minor Magic

   Spells                             Type                      Level
   a - Magic Dart                     Conjuration                  1
   b - Blink                          Translocation                2
   c - Call Imp                       Summoning                    2
   d - Slow                           Hexes                        2
   e - Conjure Flame                  Conjuration/Fire             3
   f - Mephitic Cloud                 Conjuration/Poison/Air       3
   Trog disapproves of the use of such an item.
Comestibles
 c - 3 rations
 f - 8 chunks of flesh


   Skills:
 * Level 4.8 Fighting
 * Level 4.8 Axes
 + Level 3.3 Armour
 - Level 2.1 Dodging


You had 3 spell levels left.
You didn't know any spells.

Dungeon Overview and Level Annotations

Branches:
Dungeon (2/15)

Altars:


Innate Abilities, Weirdness & Mutations

You reflexively headbutt those who attack you in melee.
You have a pair of horns on your head.


Message History

A red film seems to cover your vision as you go berserk!
You feel yourself moving faster!
You feel mighty!
You feel a lot more hungry. The gnoll hits you with a club!
* * * LOW HITPOINT WARNING * * *
You slash the gnoll!
The gnoll is almost dead.
The gnoll hits you from afar with a halberd!
* * * LOW HITPOINT WARNING * * *
The gnoll barely misses you.
You slash the gnoll!
You kill the gnoll!
Trog accepts your kill.
You barely miss the giant cockroach.
Your headbutt misses the giant cockroach.
The gnoll misses you. The giant cockroach closely misses you.
You slice the giant cockroach!!
You kill the giant cockroach!
Trog accepts your kill.
The gnoll hits you from afar with a halberd!
You die...

#####....##.#.).....
....................
...............##...
.......(.......##...
#####..........##...
#...###.......#.
#...# ####.##.#.
######...# ##.......
#gg)@)...# #[..(....
#.####...# ##...#...
..### ##.##..# ##s#
####..# ... #... #.#
##.# ..# #.# .. #..
###


You could see 2 gnolls.

Vanquished Creatures
  2 adders (D:2)
  2 gnolls (D:2)
  2 dart slugs (D:1)
  2 bats (D:1)
  4 giant cockroaches
  6 goblins (D:1)
  4 hobgoblins
  4 jackals (D:2)
  7 kobolds
  A quokka (D:2)
  A ball python (D:1)
  4 frilled lizards
  7 rats
46 creatures vanquished.

Notes
Turn   | Place    | Note
-------+----------+-------------------------------------------
     0 | D:1      | Execuda the Minotaur Berserker began the quest for the Orb.
     0 | D:1      | Reached XP level 1. HP: 19/19 MP: 0/0
   175 | D:1      | Reached XP level 2. HP: 22/27 MP: 1/1
   634 | D:1      | Reached XP level 3. HP: 24/33 MP: 2/2
   637 | D:1      | Reached ** piety under Trog
   975 | D:2      | Reached XP level 4. HP: 33/41 MP: 3/3
  1044 | D:2      | HP: 2/61 [gnoll/halberd (13)]
  1047 | D:2      | Slain by a gnoll

Vault maps used:
D:1:      matt_arrival_refuge, minmay_tetromino_o2
D:2:      first_ration, eino_tiny_chamber, minivault_26

Skill      XL: |  1  2  3 |
---------------+----------+-----
Fighting       | 4 |  4.8
Axes           | 4 |  4.8
Armour         | 3 |  3.3
Dodging        | |  2.1

Action                   |  1- 3 |  4- 6 || total
-------------------------+-------+-------++-------
Melee: Hand axe          |    89 |     8 ||    97
       Headbutt          |     9 |     2 ||    11
Invok: Berserk           |       |     1 ||     1
  Eat: Chunk             |       |     1 ||     1
Armor: Animal skin       |    23 |       ||    23
Dodge: Dodged            |    61 |     9 ||    70

Table legend:
 A = Spawn XP
 B = Non-spawn XP
 C = Spawn XP percentage of total XP
 D = Spawn monster count
 E = Non-spawn monster count
 F = Spawn count percentage of total count
 G = Total turns spent on level
                    A         B        C        D         E        F      G
               +---------+---------+-------+---------+---------+-------+---------
         Total |       0 |     128 |   0.0 |       0 |      46 |   0.0 |  1047
               +---------+---------+-------+---------+---------+-------+---------
           D:1 |       0 |      44 |   0.0 |       0 |      26 |   0.0 |   807
           D:2 |       0 |      84 |   0.0 |       0 |      20 |   0.0 |   240
               +---------+---------+-------+---------+---------+-------+---------
